 Dungeon Crawl Stone Soup version 0.30-a0-162-g2ba88f6271 (webtiles) character file.

Game seed: 791691617857319693

7 Kinoniko the Chopper (level 1, -5/28 HPs)
             Began as a Minotaur Berserker on Sept 28, 2022.
             Was a Follower of Trog.
             Slain by a gnoll
             ... wielding a +0 flail
              (6 damage)
             ... on level 1 of the Dungeon.
             The game lasted 00:00:30 (222 turns).

Kinoniko the Chopper (Minotaur Berserker)            Turns: 222, Time: 00:00:31

Health: -5/28      AC:  2    Str: 21    XL:     1   Next: 91%
Magic:  0/0        EV: 12    Int:  4    God:    Trog [*.....]
Gold:   42         SH:  0    Dex:  9    Spells: 0/0 levels left

rFire   . . .      SeeInvis .    a - +0 hand axe
rCold   . . .      Faith    .    (no shield)
rNeg    . . .      Spirit   .    b - +0 animal skin
rPois   .          Reflect  .    (helmet restricted)
rElec   .          Harm     .    (no cloak)
rCorr   .          Rampage  .    (no gloves)
Will    .....                    (no boots)
Stlth   ..........               (no amulet)
HPRegen 0.09/turn                (no ring)
MPRegen 0.07/turn                (no ring)

@: berserking, very quick
A: horns 2, retaliatory headbutt
a: Renounce Religion, Berserk


You were on level 1 of the Dungeon.
You worshipped Trog.
Trog was aware of your devotion.
You visited 1 branch of the dungeon, and saw 1 of its levels.

You collected 42 gold pieces.

Inventory:

Hand Weapons
 a - a +0 hand axe (weapon)
Armour
 b - a +0 animal skin (worn)
Potions
 c - a potion of lignification {unknown}
 d - a potion of curing {unknown}
 e - a potion of resistance {unknown}


   Skills:
 - Level 3.6 Fighting
 * Level 4.3 Axes
 - Level 2.4 Armour
 - Level 2.1 Dodging


You couldn't memorise any spells.
You didn't know any spells.
Your spell library was empty.

Dungeon Overview and Level Annotations

Branches:
Dungeon (1/15)

Altars:

Shops:
D:1 *


Innate Abilities, Weirdness & Mutations

You have a pair of horns on your head.
You reflexively headbutt those who attack you in melee.


Message History

You hit the hobgoblin.
The hobgoblin hits you but does no damage.
You feel a strong urge to attack something.
The hobgoblin hits you.
You barely miss the hobgoblin.
The hobgoblin is almost dead.
The hobgoblin barely misses you.
You slash the hobgoblin!
You kill the hobgoblin!
Trog accepts your kill.
You start resting.
You feel a strong urge to attack something.
You are no longer berserk.
You are exhausted.
You feel yourself slow down.
You start resting.
A gnoll comes into view. It is wielding a +0 flail.
A gnoll is nearby!
You are too injured to fight recklessly!
You start resting.
A gnoll is nearby!
The gnoll shouts!
Unknown command.
Unknown command.
The gnoll attacks as you move away! The gnoll closely misses you.
You feel yourself speed up. The gnoll closely misses you.
The gnoll attacks as you move away! The gnoll barely misses you.
The gnoll attacks as you move away! The gnoll misses you.
You recover from your berserk rage.
The gnoll attacks as you move away! The gnoll misses you.
A red film seems to cover your vision as you go berserk!
You feel yourself moving faster!
You feel mighty! The gnoll closely misses you.
You barely miss the gnoll. The gnoll hits you with a +0 flail!
* * * LOW HITPOINT WARNING * * *
You barely miss the gnoll. You slash the gnoll!
The gnoll is almost dead.
The gnoll hits you with a +0 flail.
You die...

.....................
##.#####.########...##
#. #.# #..## #. #.#
###.### # #.# #.....#
#.#####.# #.###.#
#.......# #.# #.##
####g#### #.###.#. #@#
#.....#. #.# #####.#.
..# #.#. #### #...
###. #. #. #. ##


You could see a gnoll.

Vanquished Creatures
  A ball python (D:1)
  A giant cockroach (D:1)
  A goblin (D:1)
  2 hobgoblins (D:1)
  A kobold (D:1)
6 creatures vanquished.

Notes
Turn   | Place    | Note
-------+----------+-------------------------------------------
     0 | D:1      | Kinoniko the Minotaur Berserker began the quest for the
                  | Orb.
     0 | D:1      | Reached XP level 1. HP: 19/19 MP: 0/0
    48 | D:1      | Found Vetsirops's Assorted Antiques.
   179 | D:1      | Reached skill level 4 in Axes
   220 | D:1      | HP: 1/28 [gnoll/+0 flail (13)]
   222 | D:1      | Slain by a gnoll

Illustrated notes

Levels and vault maps discovered:
D:1:      dpeg_arrival_stonehenge_8_columns, layout_loops_corners, serial_shops,
          nicolae_shop_statue_plus, nicolae_figureground_pulse

Skill      XL: |  1 |
---------------+----+-----
Axes           | 4 |  4.3
Fighting       | |  3.6
Armour         | |  2.4
Dodging        | |  2.1

Action                   || total
-------------------------++-------
Melee: Hand axe          ||    11
       Headbutt          ||     3
Invok: Berserk           ||     2
 Stab: Sleeping          ||     1
Armor: Animal skin       ||     1
Dodge: Dodged            ||     9

Table legend: (Time is in decaauts)
 A = Elapsed time spent in this place.
 B = Non-inter-level travel time spent in this place.
 C = Inter-level travel time spent in this place.
 D = Time resting spent in this place.
 E = Time spent auto-exploring this place.
 F = Levels seen in this place.
 G = Mean time per level.
                   A        B        C        D        E       F      G
               +--------+--------+--------+--------+--------+-----+--------+
         Total |    229 |    229 |      0 |     15 |    158 |   1 |  229.0 |
       Dungeon |    229 |    229 |      0 |     15 |    158 |   1 |  229.0 |
               +--------+--------+--------+--------+--------+-----+--------+

Top non-repeatable levels by time:
     D:1: 229 daAuts
